 Dungeon Crawl Stone Soup version 0.21-a0-173-g99db44b (webtiles) character file.

571957 pkoi the Impregnable (level 27, -13/233 HPs)
             Began as a Formicid Fighter on Aug 6, 2017.
             Was an Elder of the Shining One.
             Killed from afar by a titan (36 damage)
             ... with a bolt of lightning
             ... created by the fury of Okawaru
             ... on level 2 of the Crypt on Aug 7, 2017.
             The game lasted 03:39:53 (62145 turns).

pkoi the Impregnable (Formicid Fighter)            Turns: 62145, Time: 03:39:54

Health: -13/233    AC: 51    Str: 35    XL:     27
Magic:  0/27       EV: 17    Int:  5    God:    the Shining One [****..]
Gold:   3332       SH: 26    Dex: 15    Spells: 25/26 levels left

rFire    + + +     SeeInvis +   a - +5 triple sword (holy)
rCold    + + +     Gourm    .   H - +0 shield {AC+3}
rNeg     + + +     Faith    .   O - +8 crystal plate armour of the Modern Curses {rF+ Str+4}
rPois    +         Spirit   +   (helmet unavailable)
rElec    .         Reflect  .   V - +1 cloak "Wetweus" {rF++}
rCorr    .         Harm     .   w - +2 pair of gloves {Str+3}
MR       +++..                  W - +2 pair of boots of a Thousand Blessings {rC+}
Stlth    ..........             P - amulet "Wajukh" {Spirit rPois Str-4 Slay+2 Stlth+}
HPRegen  0.48/turn              o - ring of the Magpie {rPois rC++ Str+4 Int-4}
MPRegen  0.20/turn              M - ring of the Will of the Gods {rPois rN+ MR+ Slay+3 SInv}

@: divine shield, glowing
A: permanent stasis, dig shafts and tunnels, four strong arms, antennae 3
}: 3/15 runes: decaying, silver, gossamer
a: Dig, Shaft Self, Divine Shield, Cleansing Flame, Renounce Religion


You were on level 2 of the Crypt.
You worshipped the Shining One.
The Shining One was greatly pleased with you.
You were near starving.

You visited 10 branches of the dungeon, and saw 47 of its levels.
You visited 2 bazaars.
You also visited: Labyrinth, Sewer and Ice Cave.

You collected 7287 gold pieces.
You spent 3955 gold pieces at shops.

Inventory:

Hand Weapons
 a - a +5 triple sword of holy wrath (weapon)
 b - the +6 arbalest "Tude Met" {velocity, rElec rN++ Str+9}
   (Okawaru gifted it to you on level 2 of the Elven Halls)

   Any bolt fired from it inflicts extra damage.
   It affects your strength (+9).
   It insulates you from electricity.
   It greatly protects you from negative energy.
 x - a +2 great sword of flaming
 D - a +3 triple crossbow of freezing
Missiles
 i - 1974 bolts
Armour
 w - a +2 pair of gloves of strength (worn)
 H - a +0 shield of protection (worn)
 O - the +8 crystal plate armour of the Modern Curses (worn) {rF+ Str+4}
   (Okawaru gifted it to you on level 11 of the Dungeon)

   It affects your strength (+4).
   It protects you from fire.
 V - the +1 cloak "Wetweus" (worn) {rF++}
   (You found it on level 1 of the Swamp)

   It greatly protects you from fire.
 W - the +2 pair of boots of a Thousand Blessings (worn) {rC+}
   (You found it on level 3 of the Elven Halls)

   It protects you from cold.
Jewellery
 h - an uncursed amulet of regeneration
 o - the ring of the Magpie (left hand) {rPois rC++ Str+4 Int-4}
   (You found it on level 6 of the Dungeon)

   [ring of poison resistance]

   It affects your strength (+4).
   It affects your intelligence (-4).
   It greatly protects you from cold.
   It protects you from poison.
 t - the amulet of Rarith {+Rage rElec rF+}
   (You bought it in a shop on level 3 of the Elven Halls)

   [amulet of rage]

   It protects you from fire.
   It insulates you from electricity.
   It lets you go berserk.
 J - the ring of Impatience {rCorr Stlth+}
   (You acquired it on level 6 of the Lair of Beasts)

   [ring of resist corrosion]

   It makes you more stealthy.
 K - the ring of the Sneaky Lies {Ice rPois MR+++ Str+2 Slay-3 Stlth+}
   (You acquired it on level 1 of the Vaults)

   [ring of ice]

   It enhances your ice magic.
   It affects your strength (+2).
   It affects your accuracy and damage with ranged weapons and melee attacks
   (-3).
   It makes you vulnerable to fire.
   It protects you from cold.
   It protects you from poison.
   It affects your resistance to hostile enchantments.
   It makes you more stealthy.
 M - the ring of the Will of the Gods (right hand) {rPois rN+ MR+ Slay+3 SInv}
   (You took it off a spriggan berserker on level 4 of the Depths)

   [ring of poison resistance]

   It affects your accuracy and damage with ranged weapons and melee attacks
   (+3).
   It protects you from poison.
   It protects you from negative energy.
   It affects your resistance to hostile enchantments.
   It lets you see invisible.
 P - the amulet "Wajukh" (around neck) {Spirit rPois Str-4 Slay+2 Stlth+}
   (You found it on level 5 of the Vaults)

   [amulet of guardian spirit]

   It causes incoming damage to be split between your health and magic.
   It affects your strength (-4).
   It affects your accuracy and damage with ranged weapons and melee attacks
   (+2).
   It protects you from poison.
   It makes you more stealthy.
Wands
 c - a wand of lightning (0/15)
 q - a wand of digging (15/24)
Scrolls
 d - 7 scrolls of amnesia
 g - 12 scrolls of remove curse
 j - 18 scrolls of identify
 r - 13 scrolls of enchant armour
 u - 13 scrolls of fear
 y - 9 scrolls of recharging
 C - 2 scrolls of brand weapon
 I - a scroll of holy word
 N - 9 scrolls of magic mapping
 T - 2 scrolls of silence
 Y - 3 scrolls of fog
Potions
 e - 3 potions of flight
 k - 3 potions of invisibility
 l - 5 potions of magic
 p - 9 potions of might
 z - 4 potions of agility
 A - 23 potions of curing
 B - 2 potions of cancellation
 E - 12 potions of heal wounds
 F - 15 potions of brilliance
 L - a potion of experience
 R - 3 potions of resistance
Miscellaneous
 s - a lamp of fire
 S - a lightning rod (4/4)
 U - 3 phantom mirrors
Comestibles
 f - 23 bread rations
 m - 32 royal jellies
 n - 24 meat rations
 G - 33 fruits


   Skills:
 + Level 22.5 Fighting
 + Level 21.7 Long Blades
 + Level 10.5 Crossbows
 + Level 24.3 Armour
 + Level 16.2 Dodging
 - Level 18.2 Shields
 + Level 6.5 Invocations


You had 25 spell levels left.
You knew the following spells:

 Your Spells              Type           Power        Failure   Level  Hunger
a - Apportation           Tloc           #.....       95%         1    ##.....


Dungeon Overview and Level Annotations

Branches:
Dungeon (15/15)            Temple (1/1) D:7            Lair (6/6) D:9
  Swamp (4/4) Lair:4       Spider (4/4) Lair:2        Slime (0/5) Lair:5
    Orc (2/2) D:10            Elf (3/3) Orc:2        Vaults (5/5) D:13
  Crypt (2/3) Vaults:3     Depths (5/5) D:15            Zot (0/5) Depths:5

Altars:
Ashenzari
Cheibriados
Dithmenos
Elyvilon
Fedhas
Gozag
Hepliaklqana
Kikubaaqudgha
Makhleb
Nemelex Xobeh
Okawaru
Qazlal
Ru
Sif Muna
Trog
Uskayaw
Vehumet
Wu Jian
Xom
Yredelemnul
Zin
The Shining One
Beogh
Lugonu

Shops:
D:4 [?%   D:15 }(   Orc:2 (:[*   Elf:3 ?=(*   Vaults:1 *[}   Vaults:3 (
Vaults:4 !   Vaults:5 (

Portals:
Hell: Depths:1 Depths:2 Depths:3 Depths:4 Depths:5
Abyss: Depths:4
Pandemonium: Depths:1 Depths:3
Ziggurat: Depths:5


Innate Abilities, Weirdness & Mutations

You cannot be hasted, slowed, berserked, paralysed or teleported.
You can dig through walls and to a lower floor.
Your four strong arms can wield two-handed weapons with a shield.
You have a pair of large antennae on your head. (SInv)


Message History

You block the deep elf mage's attack. x2
The deep elf mage hits you but does no damage.
The deep elf mage gestures wildly while chanting.
The deep elf mage blinks!
Unknown command.
The titan waves its arms in wide circles.
The air twists around and strikes you!
* * * LOW HITPOINT WARNING * * *
The deep elf mage casts a spell at you. You block the orb of energy.
The battlesphere fires!
The barrage of energy hits you!
The deep elf mage points at you and mumbles some strange words.
The magic dart hits you!
The battlesphere fires!
The barrage of energy hits you!
The deep elf mage gestures wildly while chanting.
The deep elf mage mumbles some strange words.
The deep elf mage blinks!
The titan points at you and mumbles some strange words.
The bolt of lightning hits you!
You die...

..........'........##.........##
..........######...##..........##
..........# #...##............
..........######..[##.......>....
..........'.........+............
.)........#####.....+............
'########## #...<.+............
.# #....##............ ยง#
#.@..##............
.##############....##............
).........YY.C......'............
###......C.Ye*......'.}........##
#.....e...........'..........##
##...#########...##..........'.
####'''### #...##..........'.
.........## #...##[.........'.
..[.......# #...##..........##


You could see a titan, a deep elf mage, an ice beast and a battlesphere.

Vanquished Creatures
  The ghost of Kurtz the Sorcerer, a legendary KoIE of Vehumet (Vaults:5)
  An ancient lich (Depths:3)
  A juggernaut (Depths:2)
  Xtahua (Vaults:3)
  Frederick (Depths:4)
  Margery (Vaults:3)
  Bai Suzhen (Vaults:2)
  Nikola (Swamp:3)
  3 golden dragons
  5 tentacled monstrosities
  11 titans
  Asterion (Depths:2)
  4 deep elf blademasters
  3 liches
  A quicksilver dragon (Vaults:5)
  3 deep elf master archers
  Frances (D:14)
  2 thorn hunters
  An ancient champion (Crypt:2)
  3 storm dragons
  A sphinx (Vaults:4)
  5 shadow dragons
  The ghost of Typerbomb the Bludgeoner, an adept GrBe of Trog (Spider:4)
  7 tengu reavers
  The ghost of Midelne the Impaler, an adept FoFi of Cheibriados (Swamp:4)
  14 fire giants
  4 deep elf sorcerers
  5 ghost moths (Spider:4)
  17 frost giants
  23 vault wardens
  An orc warlord (Orc:2)
  Louise (Spider:2)
  3 emperor scorpions (Spider:4)
  An iron dragon (Vaults:4)
  9 deep elf elementalists
  4 ghouls
  A reaper (Crypt:2)
  13 ironheart preservers
  29 stone giants
  A spriggan defender (Depths:3)
  3 entropy weavers
  A draconian shifter (Depths:5)
  18 very ugly things
  3 war gargoyles
  5 vampire knights
  A dire elephant (Lair:6)
  2 white draconians
  A green draconian (Depths:5)
  8 deep elf demonologists
  2 black draconians (Depths:5)
  2 purple draconians (Depths:4)
  2 yellow draconians
  4 spark wasps
  Azrael (Orc:2)
  12 ettins
  An eidolon (Crypt:1)
  8 deep elf annihilators
  9 deep elf death magi
  11 jiangshi
  A merfolk impaler (Depths:1)
  2 merfolk javelineers
  10 fire dragons
  Josephine (Lair:6)
  16 yaktaur captains
  7 deep elf high priests
  3 minotaurs
  9 great orbs of eyes
  6 ice dragons
  9 ogre magi
  10 rakshasas
  28 hydras
  Erolcha (Orc:1)
  32 vault guards
  2 ghost crabs
  5 spriggan air magi
  2 death knights
  6 centaur warriors
  40 two-headed ogres
  A catoblepas (Lair:6)
  13 alligators
  A merfolk avatar (Lair:6)
  32 dancing weapons
  16 death yaks
  12 deep troll earth magi
  6 deep troll shamans
  2 hell hogs (Depths:2)
  2 tengu warriors
  An orc high priest (Orc:2)
  41 deep elf knights
  8 vampire magi
  5 hell knights
  2 small abominations (Elf:3)
  6 spriggan berserkers
  Urug (Lair:4)
  A titan skeleton (Crypt:1)
  2 soul eaters
  6 shadow wraiths
  7 iron trolls
  A sea snake (Lair:6)
  2 death drakes (Depths:3)
  A salamander mystic (Depths:1)
  8 skeletal warriors
  An unseen horror (shapeshifter) (Vaults:3)
  A torturous demonspawn (Depths:1)
  39 deep trolls
  9 flayed ghosts
  A spectral anaconda (Depths:3)
  6 glowing orange brains
  A large abomination (Elf:3)
  An obsidian statue (Vaults:1)
  3 spriggan druids
  2 deep trolls (shapeshifter)
  19 orc knights
  10 swamp dragons (Swamp:4)
  A spectral hydra (Depths:3)
  32 deep elf archers
  2 orange crystal statues (Depths:3)
  8 phantasmal warriors
  20 ironbrand convokers
  9 harpies
  8 orb spiders
  3 shambling mangroves
  5 necromancers
  5 wizards
  A mana viper (Depths:3)
  92 deep elf magi
  4 cyclopes
  39 ugly things
  2 oklob plants (Lair:2)
  9 orc sorcerers
  A sphinx skeleton (Crypt:1)
  33 wolf spiders
  3 salamanders
  A cyclops (shapeshifter) (Vaults:5)
  19 elephants
  A manticore (Lair:6)
  An elephant (shapeshifter) (Vaults:3)
  A guardian serpent (shapeshifter) (Vaults:3)
  3 salamanders (shapeshifter)
  2 moths of wrath (Spider:3)
  4 centaur zombies
  2 ice statues (IceCv)
  2 rust devils (Elf:3)
  2 torpor snails (Spider:2)
  13 vault sentinels
  A fire giant skeleton (Vaults:4)
  A torpor snail (shapeshifter) (Depths:2)
  2 water nymphs (shapeshifter)
  A smoke demon (Depths:1)
  The ghost of Harvester the Cleaver, a novice MiFi of Gozag (D:5)
  5 black mambas
  2 eyes of devastation (shapeshifter)
  17 spiny frogs
  2 gargoyles
  A kobold demonologist (D:14)
  A rime drake (shapeshifter) (Vaults:2)
  9 demonic crawlers
  8 rime drakes
  A hellion (Depths:1)
  A tengu conjurer (Depths:3)
  8 freezing wraiths
  5 komodo dragons
  An ice devil (Depths:1)
  55 yaktaurs
  A red draconian skeleton (Crypt:1)
  A yellow draconian skeleton (Crypt:1)
  3 spectral merfolk (Depths:3)
  A hellwing (Depths:1)
  A queen ant zombie (Crypt:1)
  A merfolk (D:14)
  A queen bee (Lair:3)
  23 polar bears
  27 jumping spiders
  13 trolls
  5 tyrant leeches
  3 meliai (shapeshifter)
  A tengu simulacrum (Vaults:4)
  33 hornets
  3 raiju (Depths:3)
  21 slime creatures
  A meliai zombie (D:15)
  7 dream sheep (Lair:3)
  7 bog bodies
  13 hippogriffs
  An ettin skeleton (Vaults:4)
  6 flying skulls (Crypt:1)
  6 shadows
  7 air elementals
  54 redbacks
  3 vampires
  27 water elementals
  4 wyverns
  15 spriggans
  26 tarantellas
  A black mamba skeleton (Crypt:1)
  9 wraiths
  A redback (shapeshifter) (Vaults:4)
  64 yaks
  6 fire elementals
  A yak (shapeshifter) (Depths:4)
  A golden eye (shapeshifter) (Vaults:4)
  16 vampire mosquitoes
  4 basilisks (Lab)
  6 hungry ghosts
  A neqoxec (Depths:1)
  A naga (shapeshifter) (Vaults:4)
  9 insubstantial wisps (Swamp:2)
  A yaktaur simulacrum (Vaults:3)
  23 swamp worms
  14 wargs
  A hydra simulacrum (Depths:3)
  An acid dragon (D:15)
  12 water moccasins
  A soldier ant (D:13)
  2 floating eyes
  8 porcupines
  12 hell hounds
  A sky beast (shapeshifter) (Depths:3)
  4 spectral spriggans (Depths:3)
  13 swamp drakes
  A spiny frog skeleton (Crypt:1)
  A deep troll skeleton (Crypt:2)
  2 snapping turtle zombies
  4 ice beasts
  52 orc warriors
  A spectral troll (Depths:3)
  A dream sheep zombie (Crypt:2)
  3 phantoms
  3 black bears
  4 sky beasts
  2 eyes of draining (shapeshifter)
  5 necrophages
  2 eyes of draining
  28 ogres
  48 wolves
  20 centaurs
  27 boggarts
  10 crocodiles
  A rime drake zombie (Crypt:2)
  A big kobold (D:10)
  Blork the orc (D:6)
  15 bullfrogs
  A rime drake skeleton (Crypt:1)
  A komodo dragon skeleton (Crypt:1)
  An elf skeleton (Crypt:2)
  2 scorpions
  36 killer bees
  A raiju skeleton (Crypt:2)
  15 wights
  A spectral naga (Depths:3)
  3 spectral ogres (Depths:3)
  4 electric eels
  3 howler monkeys
  4 spectral centaurs (Depths:3)
  18 crimson imps
  2 bullfrog zombies (D:10)
  2 quasits
  6 jellies
  2 bullfrog skeletons
  17 orc priests
  6 hounds
  34 orc wizards
  4 centaur skeletons
  An iguana (D:4)
  Ijyb (D:3)
  4 hell rats (D:9)
  11 worker ants
  A killer bee zombie (D:7)
  A big kobold zombie (Crypt:1)
  A centaur simulacrum (Depths:3)
  A big kobold skeleton (Crypt:2)
  A demigod skeleton (Crypt:2)
  2 hound zombies (D:8)
  2 hound skeletons
  2 worker ant zombies
  17 adders
  10 gnolls (D:11)
  A howler monkey skeleton (D:7)
  7 shadow imps
  12 oozes (Sewer)
  4 adder skeletons
  2 adder zombies
  2 worms
  4 dart slugs
  17 leopard geckos
  107 orcs
  16 ball pythons
  4 bats
  15 giant cockroaches
  8 goblins
  8 hobgoblins
  7 jackals
  6 quokkas
  10 frilled lizards
  11 kobolds
  A quokka skeleton (D:6)
  2 quokka zombies
  7 rats
  A butterfly (Lair:2)
  3 crawling corpses
  A withered plant (D:6)
2425 creatures vanquished.

Vanquished Creatures (others)
  A rakshasa (Vaults:4)
  A hell hog (Depths:2)
  2 deep elf magi (Elf:2)
  A spiny frog (Swamp:1)
  A demonic crawler (Spider:4)
  A hornet (Swamp:4)
  A bog body (Swamp:3)
  A spriggan (Swamp:4)
  A swamp drake (Swamp:4)
  A centaur (Vaults:4)
  A boggart (Depths:1)
  An orc (Vaults:5)
  18 fungi
  35 plants
66 creatures vanquished.

Grand Total: 2491 creatures vanquished

Notes
Turn   | Place    | Note
-------+----------+-------------------------------------------
     0 | D:1      | pkoi the Formicid Fighter began the quest for the Orb.
     0 | D:1      | Reached XP level 1. HP: 18/18 MP: 1/1
   100 | D:1      | Reached XP level 2. HP: 20/24 MP: 2/2
   592 | D:1      | Reached XP level 3. HP: 29/29 MP: 3/3
  1084 | D:2      | Reached XP level 4. HP: 35/35 MP: 4/4
  1649 | D:3      | Found a faded altar of an unknown god.
  1785 | D:3      | Found a glowing drain.
  1819 | D:3      | Reached skill level 5 in Long Blades
  1819 | D:3      | Reached XP level 5. HP: 33/41 MP: 5/5
  1824 | Sewer    | Entered a sewer
  2070 | Sewer    | Reached XP level 6. HP: 47/47 MP: 6/6
  2408 | D:3      | Noticed Ijyb
  2494 | D:3      | Killed Ijyb
  2768 | D:3      | Found a burning altar of Makhleb.
  2770 | D:3      | Found a radiant altar of Vehumet.
  2823 | D:3      | Reached XP level 7. HP: 46/52 MP: 7/7
  3026 | D:3      | Found an iron altar of Okawaru.
  3027 | D:3      | Found a stormy altar of Qazlal.
  3033 | D:3      | Became a worshipper of Warmaster Okawaru
  3224 | D:4      | Found Wegh's Food Boutique.
  3251 | D:4      | Found a shattered altar of Ashenzari.
  3468 | D:4      | Found Loum's Magic Scroll Boutique.
  3472 | D:4      | Reached skill level 4 in Armour
  3479 | D:4      | Bought a scroll of noise for 11 gold pieces
  3542 | D:4      | Found Hegil's Armour Shop.
  3627 | D:4      | Found a glowing silver altar of Zin.
  3868 | D:5      | Entered Level 5 of the Dungeon
  4010 | D:5      | Noticed Harvester's ghost (novice MiFi)
  4190 | D:5      | Found a hide-covered altar of Uskayaw.
  4277 | D:5      | Found a white marble altar of Elyvilon.
  4396 | D:5      | Reached * piety under Okawaru
  4429 | D:5      | Found a shimmering altar of Xom.
  4452 | D:5      | Reached XP level 8. HP: 58/61 MP: 8/8
  4525 | D:6      | Reached skill level 1 in Invocations
  4550 | D:6      | Reached skill level 5 in Shields
  4779 | D:5      | Found a blossoming altar of Fedhas.
  5290 | D:6      | Got a bound copper ring
  5338 | D:6      | Reached skill level 5 in Armour
  5438 | D:6      | Reached skill level 5 in Fighting
  5484 | D:6      | Found an ancient bone altar of Kikubaaqudgha.
  5667 | D:6      | Noticed Blork the orc
  5766 | D:7      | Found a staircase to the Ecumenical Temple.
  5812 | D:7      | Reached ** piety under Okawaru
  5853 | D:7      | Reached XP level 9. HP: 65/68 MP: 9/11
  6014 | D:7      | Reached skill level 6 in Armour
  6083 | D:7      | Reached *** piety under Okawaru
  6728 | D:8      | Reached skill level 5 in Invocations
  6755 | D:8      | Noticed a hippogriff
  6783 | D:8      | Reached XP level 10. HP: 66/77 MP: 13/13
  7014 | D:8      | Reached skill level 7 in Armour
  7171 | D:8      | Noticed a two-headed ogre
  7173 | D:8      | Noticed a two-headed ogre
  7173 | D:8      | Noticed a two-headed ogre
  7195 | D:8      | Killed a two-headed ogre
  7195 | D:8      | Reached **** piety under Okawaru
  7199 | D:8      | Killed a two-headed ogre
  7329 | D:8      | Identified the ring of the Magpie {rPois rC++ Str+4 Int-4} (You found it on level 6 of the Dungeon)
  7345 | D:8      | Killed a two-headed ogre
  7345 | D:8      | Reached skill level 8 in Armour
  7370 | D:8      | Noticed a two-headed ogre
  7376 | D:8      | Reached XP level 11. HP: 80/86 MP: 15/15
  7583 | D:8      | Found an opulent altar of Gozag.
  7932 | D:9      | Found a staircase to the Lair.
  7932 | D:9      | Noticed a death yak
  7933 | D:9      | Noticed a death yak
  7934 | D:9      | Noticed a death yak
  7950 | D:8      | Killed a death yak
  7950 | D:8      | Reached ***** piety under Okawaru
  7950 | D:8      | Received a gift from Okawaru
  8000 | D:8      | Killed a two-headed ogre
  8000 | D:8      | Reached skill level 10 in Long Blades
  8227 | D:9      | Found a snail-covered altar of Cheibriados.
  8368 | D:9      | Reached skill level 9 in Armour
  8378 | D:9      | Killed a death yak
  8378 | D:9      | Reached skill level 10 in Shields
  8387 | D:9      | Killed a death yak
  8590 | D:9      | Received a gift from Okawaru
  8813 | D:5      | Killed Harvester's ghost
  9398 | D:9      | Found a deep blue altar of Sif Muna.
  9541 | D:10     | Entered Level 10 of the Dungeon
  9549 | D:10     | Reached skill level 1 in Dodging
  9549 | D:10     | Reached XP level 12. HP: 84/96 MP: 16/16
  9598 | D:9      | Reached skill level 1 in Crossbows
  9638 | Lair:1   | Entered Level 1 of the Lair of Beasts
 10107 | Lair:1   | Reached skill level 10 in Fighting
 10153 | Lair:1   | Reached skill level 10 in Armour
 10357 | Lair:2   | Noticed a death yak
 10357 | Lair:2   | Noticed a death yak
 10357 | Lair:2   | Noticed a death yak
 10357 | Lair:2   | Noticed a death yak
 10358 | Lair:2   | Noticed a death yak
 10360 | Lair:2   | Noticed a death yak
 10368 | Lair:1   | Killed a death yak
 10368 | Lair:1   | Reached ****** piety under Okawaru
 10414 | Lair:1   | Killed a death yak
 10723 | Lair:2   | Killed a death yak
 10731 | Lair:2   | Killed a death yak
 10737 | Lair:2   | Killed a death yak
 10737 | Lair:2   | Received a gift from Okawaru
 10744 | Lair:2   | Killed a death yak
 10746 | Lair:2   | Reached XP level 13. HP: 70/104 MP: 17/17
 10955 | Lair:2   | Noticed a five-headed hydra
 10962 | Lair:2   | Killed a seven-headed hydra
 11010 | Lair:2   | Noticed a four-headed hydra
 11447 | D:10     | Found a staircase to the Orcish Mines.
 11825 | D:11     | Identified the Papyrus of Evil and the Rocks
 12270 | D:11     | Received a gift from Okawaru
 12271 | D:11     | Got a spiked crystal plate armour {god gift}
 12282 | D:11     | Identified the +8 crystal plate armour of the Modern Curses {rF+ Str+4} (Okawaru gifted it to you on level 11 of the Dungeon)
 12628 | D:11     | Reached skill level 11 in Armour
 12802 | D:11     | Reached skill level 5 in Crossbows
 12943 | D:11     | Noticed a minotaur
 12965 | D:11     | Killed a minotaur
 12994 | D:11     | Noticed a minotaur
 13000 | D:11     | Killed a minotaur
 13000 | D:11     | Reached skill level 5 in Dodging
 13663 | D:12     | Reached XP level 14. HP: 113/113 MP: 18/18
 14713 | D:13     | Received a gift from Okawaru
 15086 | D:13     | Found a gate to the Vaults.
 15433 | D:14     | Reached skill level 12 in Armour
 15563 | D:14     | Noticed Frances
 15577 | D:14     | Killed Frances
 15605 | D:14     | Found a labyrinth entrance.
 15628 | Lab      | Entered a labyrinth
 16937 | D:14     | Found a snail-covered altar of Cheibriados.
 17080 | D:14     | Received a gift from Okawaru
 17551 | D:15     | Entered Level 15 of the Dungeon
 17551 | D:15     | Found a deep blue altar of Sif Muna.
 17551 | D:15     | Found a flickering gateway to a bazaar.
 17568 | D:15     | Received a gift from Okawaru
 17570 | D:15     | Reached XP level 15. HP: 108/122 MP: 17/19
 17591 | Bazaar   | Entered a bazaar
 17591 | Bazaar   | Found Hyarghox's Assorted Antiques.
 17591 | Bazaar   | Found Oclui's Gadget Shoppe.
 17591 | Bazaar   | Found Ruimumad's Magic Scroll Shop.
 17591 | Bazaar   | Found Vetz's Antique Armour Shoppe.
 17593 | Bazaar   | Found Epri Bugge's Antique Armour Emporium.
 17622 | Bazaar   | Bought a twisted cloak for 152 gold pieces
 17645 | Bazaar   | Identified the +1 cloak of Atheism {rN+} (You bought it in a shop in a bazaar)
 17649 | Bazaar   | Bought a fine plate armour for 952 gold pieces
 17659 | Bazaar   | Identified the cursed +0 plate armour of Defeczu {rF+ Dex+3 Slay+3 Stlth+} (You bought it in a shop in a bazaar)
 17667 | Bazaar   | Bought a scroll labeled HEMOTS YG KEIM for 32 gold pieces
 17693 | Bazaar   | Bought a scroll of identify for 20 gold pieces
 17693 | Bazaar   | Bought a scroll of identify for 20 gold pieces
 17693 | Bazaar   | Bought a scroll of identify for 20 gold pieces
 17693 | Bazaar   | Bought a scroll of magic mapping for 35 gold pieces
 17696 | Bazaar   | Bought a scroll of identify for 64 gold pieces
 17751 | D:15     | Found Fenesch's Gadget Shoppe.
 17798 | D:15     | Found a staircase to the Depths.
 17798 | D:15     | Noticed a fire giant
 17833 | D:15     | Killed a fire giant
 18262 | Lair:2   | Found a hole to the Spider Nest.
 18703 | Lair:3   | Found a frozen archway.
 18712 | IceCv    | Entered an ice cave
 18720 | IceCv    | Reached skill level 13 in Armour
 19077 | IceCv    | Received a gift from Okawaru
 19099 | IceCv    | Noticed a frost giant
 19137 | IceCv    | Killed a frost giant
 20917 | Lair:4   | Noticed Urug
 20926 | Lair:4   | Killed Urug
 20926 | Lair:4   | Received a gift from Okawaru
 21010 | Lair:4   | Found a staircase to the Swamp.
 21151 | Lair:5   | Reached skill level 14 in Armour
 21194 | Lair:5   | Reached XP level 16. HP: 120/132 MP: 20/20
 21336 | Lair:5   | Found a staircase to the Slime Pits.
 22079 | Lair:6   | Entered Level 6 of the Lair of Beasts
 22134 | Lair:6   | Received a gift from Okawaru
 22884 | Lair:6   | Received a gift from Okawaru
 22889 | Lair:6   | Got a smoking shield {god gift}
 22900 | Lair:6   | Identified the +0 shield of Baldness {Regen+} (Okawaru gifted it to you on level 6 of the Lair of Beasts)
 22970 | Lair:6   | Identified a scroll of acquirement
 22971 | Lair:6   | Got a brightly glowing ivory ring
 22981 | Lair:6   | Identified the ring of Impatience {rCorr Stlth+} (You acquired it on level 6 of the Lair of Beasts)
 23276 | Lair:6   | Noticed Josephine
 23290 | Lair:6   | Killed Josephine
 23586 | D:6      | Killed Blork the orc
 23591 | D:6      | Found a deep blue altar of Sif Muna.
 24224 | D:15     | Found Putyupau's Weapon Shop.
 24425 | D:15     | Reached skill level 15 in Armour
 24871 | Orc:1    | Entered Level 1 of the Orcish Mines
 25133 | Orc:2    | Entered Level 2 of the Orcish Mines
 25133 | Orc:2    | Noticed Erolcha
 25139 | Orc:1    | Killed Erolcha
 25576 | Orc:2    | Noticed Azrael
 25639 | Orc:2    | Reached skill level 15 in Long Blades
 25649 | Orc:2    | Killed Azrael
 25649 | Orc:2    | Reached skill level 15 in Fighting
 25990 | Orc:2    | Found a staircase to the Elven Halls.
 26030 | Orc:2    | Found a roughly hewn altar of Beogh.
 26034 | Orc:2    | Found Penle's Antique Weapon Shoppe.
 26074 | Orc:2    | Reached XP level 17. HP: 142/142 MP: 21/21
 26295 | Orc:2    | Found Cenusiu's Antique Armour Shoppe.
 26311 | Orc:2    | Found Zaeps's General Store.
 26344 | Orc:2    | Found Wekhliuni's Book Shoppe.
 26992 | Swamp:1  | Entered Level 1 of the Swamp
 27128 | Swamp:1  | Received a gift from Okawaru
 27310 | Swamp:1  | Got a dazzling cloak
 27321 | Swamp:1  | Identified the +1 cloak "Wetweus" {rF++} (You found it on level 1 of the Swamp)
 28101 | Swamp:2  | Noticed a thorn hunter
 28113 | Swamp:2  | Killed a thorn hunter
 28113 | Swamp:2  | Reached skill level 16 in Armour
 28993 | Swamp:3  | Noticed Nikola
 29011 | Swamp:3  | Killed Nikola
 29171 | Swamp:3  | Reached XP level 18. HP: 153/153 MP: 22/22
 29250 | Swamp:3  | Received a gift from Okawaru
 29628 | Swamp:4  | Entered Level 4 of the Swamp
 29885 | Swamp:4  | Noticed Midelne's ghost (adept FoFi)
 29973 | Swamp:4  | Killed Midelne's ghost
 30035 | Swamp:4  | Received a gift from Okawaru
 30087 | Swamp:4  | Received a gift from Okawaru
 30251 | Swamp:4  | Reached skill level 17 in Armour
 30285 | Swamp:4  | Got a decaying rune of Zot
 30733 | Spider:1 | Entered Level 1 of the Spider Nest
 30745 | Spider:1 | Received a gift from Okawaru
 31402 | Spider:2 | Noticed Louise
 31417 | Spider:2 | Killed Louise
 31711 | Spider:3 | Reached XP level 19. HP: 158/161 MP: 23/23
 32380 | Spider:4 | Entered Level 4 of the Spider Nest
 32599 | Spider:4 | Noticed Typerbomb's ghost (adept GrBe)
 32638 | Spider:4 | Killed Typerbomb's ghost
 32638 | Spider:4 | Received a gift from Okawaru
 33560 | Spider:4 | Got a gossamer rune of Zot
 33883 | Depths:1 | Entered Level 1 of the Depths
 34144 | Elf:1    | Entered Level 1 of the Elven Halls
 34390 | Elf:1    | Received a gift from Okawaru
 34393 | Elf:1    | Got a pitted great sword {god gift}
 34394 | Elf:1    | Identified the +7 great sword of Contention {flame, Fragile rPois Str+8} (Okawaru gifted it to you on level 1 of the Elven Halls)
 34473 | Elf:1    | Reached skill level 18 in Armour
 34738 | Elf:1    | Reached XP level 20. HP: 172/172 MP: 24/24
 35015 | Elf:1    | Noticed a Brimstone Fiend
 35023 | Elf:1    | Received a gift from Okawaru
 35432 | Elf:2    | Found a runed gate.
 35432 | Elf:2    | Found a runed gate.
 35432 | Elf:2    | Found a runed gate.
 35552 | Elf:2    | Received a gift from Okawaru
 36114 | Elf:3    | Entered Level 3 of the Elven Halls
 36519 | Elf:3    | Found Bucipt's Assorted Antiques.
 36536 | Elf:3    | Found Keowebumo's Weapon Shop.
 36536 | Elf:3    | Found Wuxeicim's Jewellery Boutique.
 36593 | Elf:3    | Received a gift from Okawaru
 36606 | Elf:3    | Found Ymoetyv's Magic Scroll Boutique.
 36862 | Elf:3    | Received a gift from Okawaru
 36879 | Elf:3    | Got an ebony great sword {god gift}
 36900 | Elf:3    | Identified the +10 great sword of the Equator {drain, -Tele rN++ Dex+3 Stlth+} (Okawaru gifted it to you on level 3 of the Elven Halls)
 37138 | Elf:3    | Got a flickering emerald amulet
 37165 | Elf:3    | Reached skill level 19 in Armour
 37188 | Elf:3    | Received a gift from Okawaru
 37218 | Elf:3    | Received a gift from Okawaru
 37238 | Elf:3    | Reached XP level 21. HP: 180/180 MP: 25/25
 37290 | Elf:3    | Identified the amulet "Keveicve" {Harm *Drain rPois rC+ Int-2} (You took it off a deep elf knight on level 3 of the Elven Halls)
 37462 | Elf:3    | HP: 9/180 [deep elf master archer/arrow (20)]
 37465 | Elf:3    | HP: 1/180 [deep elf master archer/arrow (12)]
 37599 | Elf:2    | Received a gift from Okawaru
 37626 | Elf:3    | Noticed a Tzitzimitl
 38290 | Elf:3    | Identified the Guide on Captivating Dislocation
 38342 | Elf:3    | Got a pair of bloodstained boots
 38343 | Elf:3    | Identified the +2 pair of boots of a Thousand Blessings {rC+} (You found it on level 3 of the Elven Halls)
 38583 | Elf:2    | Received a gift from Okawaru
 39252 | Vaults:1 | Entered Level 1 of the Vaults
 39309 | Vaults:1 | Found a flickering gateway to a bazaar.
 39324 | Vaults:1 | Got a wavering wooden ring
 39325 | Vaults:1 | Identified the ring of the Sneaky Lies {Ice rPois MR+++ Str+2 Slay-3 Stlth+} (You acquired it on level 1 of the Vaults)
 39333 | Bazaar   | Entered a bazaar
 39336 | Bazaar   | Found Pogack's Distillery.
 39369 | Bazaar   | Found Eloruob's Book Boutique.
 39396 | Bazaar   | Found Dipsulitee's Armour Shop.
 39396 | Bazaar   | Found Fodwiugo's Gadget Boutique.
 39443 | Bazaar   | Bought a potion of curing for 24 gold pieces
 39443 | Bazaar   | Bought a potion of curing for 24 gold pieces
 39783 | Depths:1 | Received a gift from Okawaru
 39972 | Depths:1 | Found a gateway to Hell.
 40016 | Depths:1 | Received a gift from Okawaru
 40141 | Depths:1 | Got a fine plate armour
 40142 | Depths:1 | Identified the +6 plate armour of Filth {Dex+4 SInv} (You found it on level 1 of the Depths)
 40191 | Depths:1 | Found a one-way gate leading to the halls of Pandemonium.
 40333 | Depths:1 | Reached XP level 22. HP: 190/190 MP: 26/26
 40829 | Depths:2 | Received a gift from Okawaru
 41258 | Vaults:1 | Received a gift from Okawaru
 41261 | Vaults:1 | Reached skill level 20 in Armour
 41307 | Vaults:1 | Got a bone scimitar
 41308 | Vaults:1 | Identified the cursed +0 scimitar of the Hills {slice, MR+} (You found it on level 1 of the Vaults)
 41442 | Vaults:1 | Found Zytif's Gadget Shoppe.
 41533 | Vaults:1 | Found Idghe Udu's Antique Armour Shop.
 41966 | Vaults:1 | Found Xyugg's Assorted Antiques.
 43143 | Vaults:2 | Noticed Bai Suzhen
 43153 | Vaults:2 | Killed Bai Suzhen
 43153 | Vaults:2 | Received a gift from Okawaru
 43450 | Vaults:2 | Received a gift from Okawaru
 43687 | Vaults:2 | Reached XP level 23. HP: 189/198 MP: 27/27
 44532 | Elf:2    | Got an encrusted arbalest {god gift}
 44533 | Elf:2    | Identified the +6 arbalest "Tude Met" {velocity, rElec rN++ Str+9} (Okawaru gifted it to you on level 2 of the Elven Halls)
 44930 | Vaults:3 | Received a gift from Okawaru
 44963 | Vaults:3 | Got a dazzling great sword {god gift}
 44964 | Vaults:3 | Identified the +5 great sword of Earthquakes {holy, *Corrode rElec Dex+4} (Okawaru gifted it to you on level 3 of the Vaults)
 45093 | Vaults:1 | Got a jewelled cloak {god gift}
 45104 | Vaults:1 | Identified the +1 cloak "Cegurgho" {rN++ Regen+ Str-5 SInv} (Okawaru gifted it to you on level 1 of the Vaults)
 45456 | Elf:3    | Bought a clouded diamond amulet for 170 gold pieces
 45456 | Elf:3    | Bought a scroll of acquirement for 1768 gold pieces
 45456 | Elf:3    | Identified the amulet of Rarith {+Rage rElec rF+} (You bought it in a shop on level 3 of the Elven Halls)
 45488 | Elf:3    | Reached skill level 10 in Dodging
 46246 | Vaults:3 | You fall through a shaft!
 46348 | Vaults:4 | Received a gift from Okawaru
 46618 | Vaults:3 | Noticed Margery
 46632 | Vaults:3 | Killed Margery
 46694 | Vaults:3 | Reached skill level 21 in Armour
 46791 | Vaults:3 | Received a gift from Okawaru
 46833 | Vaults:3 | Found a staircase to the Crypt.
 46833 | Vaults:3 | Found an ancient bone altar of Kikubaaqudgha.
 46834 | Vaults:3 | Found a basalt altar of Yredelemnul.
 46896 | Vaults:3 | Found Xoppajyr's Antique Weapon Boutique.
 46920 | Vaults:3 | Bought a glowing triple sword for 468 gold pieces
 46974 | Vaults:3 | Noticed Xtahua
 46992 | Vaults:3 | Killed Xtahua
 46992 | Vaults:3 | Received a gift from Okawaru
 47488 | Vaults:3 | Reached XP level 24. HP: 152/208 MP: 27/27
 47974 | Vaults:4 | Found Ovuubop's Distillery.
 47982 | Vaults:4 | Bought a potion of heal wounds for 75 gold pieces
 47982 | Vaults:4 | Bought a potion of heal wounds for 75 gold pieces
 47982 | Vaults:4 | Bought a potion of curing for 45 gold pieces
 48423 | Vaults:5 | Entered Level 5 of the Vaults
 48642 | Vaults:4 | Received a gift from Okawaru
 48706 | Vaults:4 | Received a gift from Okawaru
 48833 | Vaults:4 | Got a steaming scale mail {god gift}
 48834 | Vaults:4 | Identified the +2 scale mail of the Carpenter {SInv} (Okawaru gifted it to you on level 4 of the Vaults)
 49212 | Vaults:4 | Reached XP level 25. HP: 205/216 MP: 27/27
 49530 | Vaults:5 | Noticed Kurtz's ghost (legendary KoIE)
 49649 | Vaults:4 | Reached skill level 22 in Armour
 49747 | Vaults:4 | Received a gift from Okawaru
 50004 | Vaults:5 | Received a gift from Okawaru
 50145 | Vaults:5 | Received a gift from Okawaru
 50385 | Vaults:5 | Killed Kurtz's ghost
 50738 | Vaults:5 | Reached skill level 15 in Shields
 50856 | Vaults:5 | Got a silver rune of Zot
 50904 | Vaults:5 | Identified Sif Muna's Compendium of the Spatial Entourage
 51057 | Vaults:5 | Learned a level 1 spell: Apportation
 51124 | Vaults:5 | Reached XP level 26. HP: 184/224 MP: 20/27
 51143 | Vaults:5 | Received a gift from Okawaru
 51255 | Vaults:5 | Got a crude tin amulet
 51258 | Vaults:5 | Identified the amulet "Wajukh" {Spirit rPois Str-4 Slay+2 Stlth+} (You found it on level 5 of the Vaults)
 51268 | Vaults:5 | Got a translucent ring mail
 51269 | Vaults:5 | Identified the cursed +1 ring mail "Ramicu" {rF+ Int+4 Dex-4 SInv Stlth+} (You found it on level 5 of the Vaults)
 51434 | Vaults:5 | Found Jissuin's Weapon Shoppe.
 51900 | Vaults:5 | Got a transparent bone ring
 51901 | Vaults:5 | Identified the ring of Piom {Ice Str+2 Int+3 Dex+3} (You found it on level 5 of the Vaults)
 52635 | Depths:2 | Received a gift from Okawaru
 52784 | Depths:2 | Found a runed gate.
 52784 | Depths:2 | Found a runed gate.
 52784 | Depths:2 | Found a runed gate.
 52788 | Depths:2 | Noticed a juggernaut
 52831 | Depths:2 | Killed a juggernaut
 52839 | Depths:2 | Reached skill level 23 in Armour
 52965 | Depths:2 | Found a runed gate.
 52965 | Depths:2 | Found a runed gate.
 52965 | Depths:2 | Found a runed gate.
 52968 | Depths:2 | Identified The Arcane Arts, Part Six
 52975 | Depths:2 | Got a vibrating jade ring
 52976 | Depths:2 | Identified the ring "Saepupn" {Fire Int+4} (You found it on level 2 of the Depths)
 52981 | Depths:2 | Identified the Compendium of Dislocated Talismans
 53127 | Depths:2 | Noticed Asterion
 53225 | Depths:2 | Killed Asterion
 53375 | Depths:2 | Received a gift from Okawaru
 53384 | Depths:2 | Found a sacrificial altar of Ru.
 54045 | Depths:3 | Received a gift from Okawaru
 54195 | Depths:3 | Reached skill level 15 in Dodging
 54222 | Depths:3 | Upgraded the game from 0.21-a0-170-g0398fc9 to 0.21-a0-173-g99db44b
 54402 | Depths:3 | Reached XP level 27. HP: 225/229 MP: 27/27
 54631 | Depths:3 | Noticed an ancient lich
 54637 | Depths:3 | Killed an ancient lich
 55054 | Depths:3 | Received a gift from Okawaru
 55633 | Depths:4 | Received a gift from Okawaru
 56553 | Depths:4 | Noticed Frederick
 57387 | Depths:4 | Received a gift from Okawaru
 57388 | Depths:4 | Found a corrupted altar of Lugonu.
 57388 | Depths:4 | Found a one-way gate to the infinite horrors of the Abyss.
 57465 | Depths:4 | Killed Frederick
 57465 | Depths:4 | Reached skill level 24 in Armour
 57644 | Depths:4 | Got a scorched amber ring
 57894 | Depths:5 | Entered Level 5 of the Depths
 58457 | Depths:5 | Found a gateway to a ziggurat.
 58692 | Depths:5 | Found a gate to the Realm of Zot.
 58704 | Depths:5 | Reached skill level 10 in Crossbows
 59302 | Lair:4   | Identified the ring of the Will of the Gods {rPois rN+ MR+ Slay+3 SInv} (You took it off a spriggan berserker on level 4 of the Depths)
 59795 | Temple   | Entered the Ecumenical Temple
 60663 | Temple   | Fell from the grace of Okawaru
 60663 | Temple   | Became a worshipper of the Shining One
 60936 | Crypt:1  | Entered Level 1 of the Crypt
 61085 | Crypt:1  | Reached * piety under the Shining One
 61298 | Crypt:1  | Reached ** piety under the Shining One
 61395 | Crypt:1  | Reached *** piety under the Shining One
 61639 | Crypt:2  | Reached **** piety under the Shining One
 61915 | Crypt:2  | Reached ***** piety under the Shining One
 62145 | Crypt:2  | Killed from afar by a titan

Vault maps used:
D:1:      minmay_arrival_three_doors, minmay_pentomino_u4
D:3:      grunt_temple_overflow_lords_of_destruction,
          gammafunk_temple_overflow_statue, gup_sewer_entry_pipe,
          chequers_ecumenical_altar_lobes, first_bread, uniq_ijyb
D:4:      nicolae_overflow_crystal_walls, cheibrodos_ashenzari_chains,
          serial_shops, shop, shop, shop
D:5:      kennysheep_little_box, fedhas_altar_4, led_xom_imps, basic_altar,
          chequers_big_river
D:6:      kiku_gazebo_garden_becter, tgw_sif
D:7:      cheibrodos_fzero, temple_statues
D:8:      wad_guarded_room, grunt_gozag_breadcrumbs
D:9:      kennysheep_orc_sif_temple, lemuel_round_altar, dpeg_lair_monsters
D:11:     fort_yaktaur
D:13:     david_vaults_1
D:14:     cheibriados_altar_1, lab_entry_generic, hangedman_fish_farm,
          basic_loot_grate_trap, solitary_fountain, uniq_frances
D:15:     grunt_enter_depths_giant_problem, basic_altar, serial_shops,
          bzr_entry_dummy, shop_fountains, shop
Temple:   nicolae_temple_figure_zero
Lair:1:   serial_bayou_lake_a
Lair:2:   spider_nest_entry_webs, minmay_lair_oklob_chamber, lemuel_fruit_fields
Lair:3:   portal_ice_cave_entry_pillars_1
Lair:4:   nicolae_swamp_entry_splash_gauntlet, uniq_urug
Lair:5:   dpeg_slime_entry_corner, grunt_forest_large_clearings,
          serial_bayou_shore_b, grunt_megastairs_4, infiniplex_staircase_pool
Lair:6:   gammafunk_lair_ancient_temple, serial_bayou_pond_a, uniq_josephine
Swamp:1:  evilmike_swamp_ruin_house_3
Swamp:2:  evilmike_swamp_ruin_house_6, swamp_pool3
Swamp:3:  evilmike_swamp_ruin_rubble_2, grunt_hermit_hut, uniq_nikola
Swamp:4:  swamp
Spider:1: nicolae_spider_mines_1, spider_trap
Spider:2: uniq_louise
Spider:4: grunt_spider_rune_parallel
Orc:2:    grunt_orc_cross, uniq_azrael, uniq_erolcha
Elf:1:    eino_elf_arrival_shootout, minivault_28, grunt_megastairs_2
Elf:2:    serial_glass, glass_columns_a, glass_columns_b, glass_columns_c,
          glass_columns_a, glass_columns_c
Elf:3:    grunt_elf_hall_branching, st_stairs_2, stair_cage_line,
          minmay_shoptagon
Vaults:1: nicolae_vaults_shelves_hall, nicolae_vaults_little_squares_5,
          grunt_vaults_swirl, nicolae_vaults_asterisk, nicolae_vaults_alarming,
          nicolae_vaults_statue_guard, serial_shops, bzr_entry_lakeside,
          nicolae_shop_stone, shop, nicolae_shop_statue_plus
Vaults:2: v_alt_pattern_3, ontoclasm_vaults_ligature,
          vaults_room_stairs_pillars, hangedman_vaults_river_flow,
          ontoclasm_vaults_shout, nicolae_vaults_network_s, v_misc_14,
          hangedman_vaults_restitches, v_misc_5, v_misc_4,
          nicolae_vaults_little_ls, vaults_room_stairs_pillars, uniq_bai_suzhen
Vaults:3: vaults_room_mumra_shop_pool, minmay_crypt_entry_necro_gods,
          v_alt_pattern_2, v_pattern_2, st_more_cells, ontoclasm_vaults_bender,
          vaults_mumra_hexcomb, v_rooms_3, grunt_vaults_hallway_long,
          vaults_mumra_lcd, ontoclasm_vaults_twist, vaults_room_pools,
          vaults_room_grid, uniq_xtahua, uniq_margery
Vaults:4: v_misc_3, nicolae_vaults_big_angled_halls,
          nicolae_vaults_puzzle_piece, hangedman_vaults_trim,
          dpeg_vaults_monster_row, v_alt_pattern_3, nicolae_vaults_rhombus_6,
          vaults_standard_mumra_lines, vaults_room_door_ring,
          hangedman_vaults_corner_blocks, vaults_dpeg_cross, vaults_room_fours,
          vaults_room_door_ring, serial_shops, shop
Crypt:1:  grunt_crypt_arrival_split
Depths:1: hellmouth_1, rand_demon_pan_entry_7, minmay_misc_feat_more_columns,
          minmay_stone_trees_small, hex_medium, lemuel_flame_loot_1,
          serial_bayou_shore_a
Depths:2: kennysheep_treasure_stockpile, kennysheep_flooded_box,
          grunt_hell_horde, minmay_strange_pillars, uniq_asterion
Depths:3: lemuel_river_lethe, hell_entry, pan_entry
Depths:4: lemuel_troll_bridge, hell_entry, abyss_entry_flame_altar,
          minmay_misc_feat_encased, lightli_fourway_metalbox,
          serial_bayou_shore_b, uniq_frederick
Depths:5: grunt_twist_and_shout, enter_ziggurat_d, pf_coc_iceberg,
          minmay_misc_feat_roman
Lab:      nicolae_lab_lava, nicolae_lab_big_swirl
Bazaar:   bazaar_minmay_generic_island, bazaar_jpeg_honeycomb
Sewer:    sewer_frog_island_02
IceCv:    ice_cave_small_giant

Skill      XL: |  1  2  3  4  5  6  7  8  9 10 11 12 13 14 15 16 17 18 19 20 21 22 23 24 25 26 27 |
---------------+----------------------------------------------------------------------------------+-----
Long Blades    | 3 4 5 6 7 8 9 10 11 12 14 15 16 17 18 19 20 21 | 21.7
Shields        | 4 5 7 9 10 11 12 13 15 17 18 | 18.2
Armour         | 4 5 6 8 9 10 11 12 14 15 16 17 18 19 20 21 22 23 24 | 24.3
Fighting       | 4 5 6 8 9 10 11 12 13 15 16 17 18 19 20 21 22 | 22.5
Invocations    | 3 5 6 |  6.5
Dodging        | 1 3 5 7 9 11 12 13 15 16 | 16.2
Crossbows      | 3 5 7 8 9 10 | 10.5

Action                   |  1- 3 |  4- 6 |  7- 9 | 10-12 | 13-15 | 16-18 | 19-21 | 22-24 | 25-27 || total
-------------------------+-------+-------+-------+-------+-------+-------+-------+-------+-------++-------
Melee: Long sword        |    90 |   372 |   452 |   245 |       |       |       |       |       ||  1159
       Great sword       |       |       |       |   279 |  1264 |  1527 |  1283 |  1473 |   865 ||  6691
       Triple sword      |       |       |       |       |       |       |       |       |  1231 ||  1231
 Fire: Arbalest          |       |       |       |       |     6 |    43 |    17 |       |    28 ||    94
Invok: Heroism           |       |       |     5 |    12 |     9 |     8 |     4 |     2 |     6 ||    46
       Finesse           |       |       |       |       |     1 |     3 |     2 |     2 |     4 ||    12
       Divine Shield     |       |       |       |       |       |       |       |       |     1 ||     1
 Abil: Dig               |       |     1 |     2 |     3 |    23 |    10 |     5 |     1 |    13 ||    58
       Evoke Flight      |       |       |       |       |       |     1 |       |       |       ||     1
Evoke: Lamp of fire      |       |       |       |       |     2 |       |       |       |       ||     2
  Use: Scroll            |       |     7 |     2 |    14 |    13 |     5 |    13 |     8 |     8 ||    70
       Potion            |       |       |       |     1 |     1 |     1 |     2 |       |     1 ||     6
  Eat: Chunk             |     1 |     6 |    20 |    16 |    34 |    38 |    27 |    31 |    38 ||   211
       Fruit             |       |       |     2 |       |     4 |       |     3 |       |     9 ||    18
       Meat ration       |       |       |     1 |       |     1 |       |       |       |       ||     2
Armor: Scale mail        |    39 |   223 |    37 |       |       |       |       |       |       ||   299
       Chain mail        |       |       |   132 |   144 |    88 |       |       |       |       ||   364
       Crystal plate arm |       |       |       |       |   498 |  1089 |   731 |   559 |   931 ||  3808
Dodge: Dodged            |    32 |   219 |   129 |   116 |   377 |   567 |   397 |   436 |   874 ||  3147
Block: Shield            |     3 |       |   186 |   297 |   946 |  1271 |   995 |   817 |  1485 ||  6000
       Buckler           |    13 |    89 |    18 |       |       |       |       |       |       ||   120
       Rpst.: Long sword |    14 |    65 |    43 |    17 |       |       |       |       |       ||   139
       Great sword       |       |       |       |    24 |    82 |   116 |    86 |    97 |    63 ||   468
       Triple sword      |       |       |       |       |       |       |       |       |    99 ||    99
